 Dungeon Crawl Stone Soup version 0.29-a0-222-g5b244fca1f (webtiles) character file.

Game seed: 6661170953625694688

151 enile the Twirler (level 5, 0/41 HPs)
             Began as a Demonspawn Gladiator on Feb 27, 2022.
             Was a Believer of Kikubaaqudgha.
             Killed by nerve-wracking pain
             ... invoked by an orc priest
              (13 damage)
             ... on level 4 of the Dungeon.
             The game lasted 00:01:51 (2741 turns).

enile the Twirler (Demonspawn Gladiator)            Turns: 2741, Time: 00:01:52

Health: 0/41       AC:  9    Str: 16    XL:     5   Next: 11%
Magic:  5/5        EV: 12    Int: 10    God:    Kikubaaqudgha [**....]
Gold:   201        SH:  0    Dex: 14    Spells: 4/4 levels left

rFire   . . .      SeeInvis .   a - +0 quarterstaff
rCold   . . .      Faith    .   (shield currently unavailable)
rNeg    . . .      Spirit   .   b - +0 leather armour
rPois   .          Reflect  .   i - +0 hat
rElec   .          Harm     .   (no cloak)
rCorr   .          Rampage  .   (no gloves)
Will    .....                   (no boots)
Stlth   +.........              (no amulet)
HPRegen 0.13/turn               (no ring)
MPRegen 0.09/turn               (no ring)

@: sanguine armoured
A: spiny 1, sanguine armour 1
a: Renounce Religion, Receive Corpses


You were on level 4 of the Dungeon.
You worshipped Kikubaaqudgha.
Kikubaaqudgha was pleased with you.
You visited 1 branch of the dungeon, and saw 4 of its levels.

You collected 201 gold pieces.

Inventory:

Hand Weapons
 a - a +0 quarterstaff (weapon)
Missiles
 d - 3 throwing nets (quivered)
Armour
 b - a +0 leather armour (worn)
 c - a +0 helmet
 i - a +0 hat (worn)
Scrolls
 e - 3 scrolls of identify {unknown}
 f - a scroll of magic mapping {unknown}
 h - 2 scrolls of amnesia {unknown}
 k - a scroll of noise {unknown}
 l - a scroll of silence {unknown}
 m - a scroll of brand weapon {unknown}
 n - a scroll of enchant armour {unknown}
Potions
 g - a potion of lignification {unknown}
 j - 2 potions of curing {unknown}


   Skills:
 + Level 3.1 Fighting
 + Level 3.5 Staves
 + Level 2.8 Throwing
 + Level 3.5 Dodging


You had 4 spell levels left.
You didn't know any spells.
Your spell library contained the following spells:

 Spells                   Type           Power      Damage    Failure   Level
 Animate Skeleton         Necr           0%         N/A       43%         1
 Pain                     Necr           0%         1d4       43%         1
 Sublimation of Blood     Necr           0%         N/A       56%         2
 Agony                    Necr           0%         N/A       100%        5


Dungeon Overview and Level Annotations

Branches:
Dungeon (4/15)
 Temple: D:4-7

Altars:
Dithmenos
Kikubaaqudgha


Innate Abilities, Weirdness & Mutations

You are partially covered in sharp spines.
When seriously injured, your blood forms armour. (AC +6)


Message History

HP restored.
Things that are here:
a +0 dagger; 6 poisoned darts; a kobold corpse An orc comes into view.
It is wielding a +0 short sword.
Found 17 stones.
The orc priest shouts!
You hear a shout! x2
An orc comes into view. It is wielding a +0 club. x2
The orc shouts!
An orc comes into view. It is wielding a +0 dagger.
You thump the orc!
You kill the orc!
Kikubaaqudgha accepts your kill.
The orc priest calls down the wrath of Beogh upon you.
Beogh smites you!
You barely miss the orc. The orc is struck by your spines.
The orc hits you with a +0 club. The orc misses you.
You hit the orc.
You kill the orc!
Kikubaaqudgha accepts your kill. The orc barely misses you.
The orc priest is struck by your spines.
The orc priest barely misses you. The orc hits you with a +0 club.
There are monsters nearby!
You thump the orc!
You kill the orc!
Kikubaaqudgha accepts your kill.
The orc priest invokes the aid of Beogh against you.
Beogh smites you!
Your blood congeals into armour.
The orc priest is struck by your spines.
The orc priest hits you with a +0 flail.
You closely miss the orc priest.
The orc priest is heavily wounded.
The orc completely misses you. The orc priest misses you.
You barely miss the orc priest.
The orc priest is heavily wounded.
The orc hits you but does no damage.
The orc priest mumbles some strange prayers to Beogh against you.
Pain shoots through your body!
You die...
Kikubaaqudgha rasps: "You have failed me!
Welcome... death!"

.##### ###
##...... #..
#..(... #.# #.....
#.# .####+##...#
#.# .......#...#
#.# #...o#...# #.#
#...o@...+ #.#
#.#.#)...# #.# #
#....######### #.#
#............. #.#
#...#.##########.#
#...#.#...........
#...#.#.###.#.#.##
#...#.#.# #.#.#.#
#...#.#.# #.#.#.#


You could see an orc priest and an orc.

Vanquished Creatures
  A kobold brigand (D:4)
  2 adders (D:3)
  A worm (D:2)
  2 dart slugs (D:2)
  4 orcs
  6 bats
  7 endoplasms
  A giant cockroach (D:2)
  9 goblins
  4 hobgoblins
  4 quokkas
  3 ball pythons
  3 frilled lizards
  2 kobolds
  5 rats
54 creatures vanquished.

Vanquished Creatures (others)
  4 plants (D:4)
4 creatures vanquished.

Grand Total: 58 creatures vanquished

Notes
Turn   | Place    | Note
-------+----------+-------------------------------------------
     0 | D:1      | enile the Demonspawn Gladiator began the quest for the Orb.
     0 | D:1      | Reached XP level 1. HP: 16/16 MP: 1/1
   113 | D:1      | Gained mutation: You are partially covered in sharp spines.
                  | [demonic ancestry]
   113 | D:1      | Reached XP level 2. HP: 20/22 MP: 2/2
   638 | D:2      | Found a faded altar of an unknown god.
   651 | D:2      | Prayed at the altar of an unknown god.
   651 | D:2      | Became a worshipper of Kikubaaqudgha
   651 | D:2      | Reached * piety under Kikubaaqudgha
   651 | D:2      | Received a gift from Kikubaaqudgha
   782 | D:2      | Found a shadowy altar of Dithmenos.
   836 | D:2      | Reached XP level 3. HP: 24/28 MP: 3/3
  2118 | D:3      | Reached ** piety under Kikubaaqudgha
  2119 | D:3      | Reached XP level 4. HP: 34/34 MP: 4/4
  2547 | D:4      | Noticed a kobold brigand
  2556 | D:4      | Killed a kobold brigand
  2557 | D:4      | Gained mutation: When seriously injured, your blood forms
                  | armour. (AC +6) [demonic ancestry]
  2557 | D:4      | Reached XP level 5. HP: 19/41 MP: 5/5
  2741 | D:4      | Killed from afar by an orc priest

Illustrated notes

Levels and vault maps discovered:
D:1:      dpeg_arrival_simpleton_c, layout_rooms, minmay_pentomino_o4
D:2:      layout_basic, basic_altar, shapermc_ecumenical_altar_mp_ritualfount
D:3:      layout_loops_cross, serial_aquarium, aquarium_bridge_straight
          [aquarium_subvault_bridge, aquarium_subvault_wall,
          aquarium_subvault_bridge, aquarium_subvault_balcony],
          aquarium_bridge_long_joined [aquarium_subvault_wall,
          aquarium_subvault_window, aquarium_subvault_bridge,
          aquarium_subvault_bridge, aquarium_subvault_wall,
          aquarium_subvault_wall], aquarium_window_1, aquarium_window_fake,
          aquarium_window_1, aquarium_view_2b, aquarium_view_2d, aquarium_pool_1
D:4:      layout_basic, mainiacjoe_overflow_large_starburst, lemuel_tele_altar,
          minmay_temple_entry_gardened_gates, minmay_ogre_servants

Skill      XL: |  1  2  3  4 |
---------------+-------------+-----
Throwing       | 2 |  2.8
Staves         | 3 |  3.5
Dodging        | 3 |  3.5
Fighting       | 3 |  3.1

Action                   |  1- 3 |  4- 6 || total
-------------------------+-------+-------++-------
Melee: Quarterstaff      |    80 |    17 ||    97
 Stab: Sleeping          |     3 |       ||     3
Armor: Leather armour    |    19 |     1 ||    20
Dodge: Dodged            |    45 |    12 ||    57

Table legend: (Time is in decaauts)
 A = Elapsed time spent in this place.
 B = Non-inter-level travel time spent in this place.
 C = Inter-level travel time spent in this place.
 D = Time resting spent in this place.
 E = Time spent auto-exploring this place.
 F = Levels seen in this place.
 G = Mean time per level.
                   A        B        C        D        E       F      G
               +--------+--------+--------+--------+--------+-----+--------+
         Total |   2755 |   2677 |     78 |      0 |   2364 |   4 |  688.8 |
       Dungeon |   2755 |   2677 |     78 |      0 |   2364 |   4 |  688.8 |
               +--------+--------+--------+--------+--------+-----+--------+

Top non-repeatable levels by time:
     D:2: 1154 daAuts
     D:3: 803 daAuts
     D:1: 566 daAuts
     D:4: 231 daAuts
